 Dungeon Crawl Stone Soup version 0.21.1-1-g345015fe64 (webtiles) character file.

991 Fuxmar the Cudgeler (level 8, -9/48 HPs)
             Began as a Gargoyle Fighter on Mar 16, 2018.
             Was an Initiate of Ashenzari.
             Killed by divine providence
             ... invoked by an orc priest
              (15 damage)
             ... on level 5 of the Dungeon.
             The game lasted 00:16:25 (4024 turns).

Fuxmar the Cudgeler (Gargoyle Fighter)              Turns: 4024, Time: 00:16:26

Health: -9/48      AC: 19    Str: 21    XL:     8   Next: 18%
Magic:  8/8        EV:  9    Int:  9    God:    Ashenzari [......]
Gold:   178        SH: 10    Dex: 10    Spells: 7/7 levels left

rFire    . . .     SeeInvis .   a - +1 flail
rCold    . . .     Gourm    .   c - +0 shield
rNeg     + . .     Faith    .   e - +0 chain mail
rPois    ∞         Spirit   .   (no helmet)
rElec    +         Reflect  .   k - +0 cloak
rCorr    .         Harm     .   (no gloves)
MR       .....                  n - +2 pair of boots (curse)
Stlth    ..........             (no amulet)
HPRegen  0.16/turn              r - +3 ring of evasion
MPRegen  0.11/turn              (no ring)

@: no status effects
A: negative energy resistance 1, electricity resistance, unbreathing,
petrification resistance, rot immunity, AC +5
a: Curse Item, Renounce Religion


You were on level 5 of the Dungeon.
You worshipped Ashenzari.
Ashenzari was noncommittal.
You were hungry.

You visited 1 branch of the dungeon, and saw 5 of its levels.
You also visited: Sewer.

You collected 178 gold pieces.

Inventory:

Hand Weapons
 a - a +1 flail (weapon)
Missiles
 g - 211 stones (quivered)
 u - 3 silver javelins
Armour
 c - a +0 shield (worn)
 e - a +0 chain mail (worn)
 k - a +0 cloak (worn)
 n - a cursed +2 pair of boots (worn)
Jewellery
 r - a +3 ring of evasion (left hand)
Wands
 h - a wand of random effects (22)
 m - a wand of paralysis (20)
 p - a wand of iceblast (11)
Scrolls
 i - 13 scrolls of teleportation
 l - a scroll of remove curse
 s - a scroll of identify
Potions
 b - a potion of berserk rage {unknown}
 j - 3 potions of curing
 o - 2 potions of heal wounds
 q - a potion of lignification {unknown}
 t - 2 potions of brilliance {unknown}
Comestibles
 d - 3 chunks of flesh
 f - 9 rations


   Skills:
 + Level 4.9 Fighting
 + Level 6.5 Maces & Flails
 + Level 5.1 Armour
 + Level 1.4 Dodging
 + Level 5.4 Shields


You had 7 spell levels left.
You didn't know any spells.

Dungeon Overview and Level Annotations

Branches:
Dungeon (5/15)
 Temple: D:4-7

Altars:
Ashenzari
Ru
Zin

Shops:
D:4 [

Annotations:
D:5 Sigmund


Innate Abilities, Weirdness & Mutations

You are resistant to torment.
Your stone body is resilient. (AC +5)
You are immune to poison.
You resist negative energy. (rN+)
You are resistant to electric shocks. (rElec)
You can survive without breathing.
You are immune to petrification.
You are immune to rotting.


Message History

You barely miss the orc.
The centaur shoots an arrow.
The arrow hits you but does no damage. The orc hits you but does no damage.
You thump the orc!
You kill the orc!
Something hits you but does no damage.
The centaur shoots an arrow.
You block the arrow.
You hit the orc.
The orc is almost dead.
The orc priest invokes the aid of Beogh against you.
Beogh smites you! You block the orc's attack. Something hits you!
The orc priest invokes the aid of Beogh against you.
Beogh smites you!
* * * LOW HITPOINT WARNING * * *
The centaur shoots an arrow.
The arrow hits you but does no damage.
The orc priest calls upon Beogh to heal the orc.
The orc's wounds heal themselves!
The centaur shoots an arrow.
The arrow hits you but does no damage.
The orc priest calls down the wrath of Beogh upon you.
Beogh smites you!
You die...

.##+#......#.......+..#
#...........#.......##.#######
#.........#.#.......##.#......
##.....#..#......##.##.#.####.
......................>..# #.
....................##### ##
#.........c...##.....#
##....#.##'##.##.......
#...<.###@##.##..#.....
#....## #o##.########..
###).####o##+##### #
#.÷....{(o......#
#..#..###oo......# #..##..#
#........# #.# #..###........#
... .............# #.##
..###........#


You could see a centaur, 2 orc priests and 3 orcs.

Vanquished Creatures
  Grinder (D:3)
  Menkaure (D:5)
  Duvessa (D:5)
  An ogre (D:4)
  Dowan (D:5)
  A howler monkey (D:5)
  A crimson imp (D:5)
  A bullfrog zombie (D:5)
  2 hounds (D:4)
  Crazy Yiuf (D:3)
  An orc wizard (D:3)
  Ijyb (D:3)
  A hound skeleton (D:4)
  6 gnolls
  5 river rats (Sewer)
  10 adders
  A howler monkey skeleton (D:4)
  3 worms
  4 dart slugs
  A leopard gecko (D:1)
  4 orcs
  4 ball pythons
  5 bats
  3 giant cockroaches (D:1)
  9 goblins
  2 hobgoblins
  10 jackals
  7 quokkas
  6 frilled lizards
  9 kobolds
  15 rats
118 creatures vanquished.

Notes
Turn   | Place    | Note
-------+----------+-------------------------------------------
     0 | D:1      | Fuxmar the Gargoyle Fighter began the quest for the Orb.
     0 | D:1      | Reached XP level 1. HP: 14/14 MP: 1/1
   103 | D:1      | Reached XP level 2. HP: 15/19 MP: 2/2
   516 | D:1      | Reached XP level 3. HP: 23/23 MP: 3/3
  1000 | D:2      | Reached XP level 4. HP: 29/29 MP: 4/4
  1101 | D:2      | Reached skill level 3 in Maces & Flails
  1336 | D:2      | Found a glowing silver altar of Zin.
  1365 | D:2      | Found a shattered altar of Ashenzari.
  1367 | D:2      | Found a sacrificial altar of Ru.
  1369 | D:2      | Became a worshipper of Ashenzari the Shackled
  1480 | D:3      | Reached XP level 5. HP: 23/33 MP: 5/5
  1751 | D:3      | Reached skill level 1 in Dodging
  1847 | D:3      | Noticed Grinder
  1852 | D:3      | Paralysed by Grinder for 2 turns
  1859 | D:3      | Paralysed by Grinder for 4 turns
  1873 | D:3      | Killed Grinder
  1873 | D:3      | Reached skill level 4 in Maces & Flails
  1873 | D:3      | Reached XP level 6. HP: 30/38 MP: 6/6
  2024 | D:3      | Noticed Ijyb
  2046 | D:3      | Killed Ijyb
  2076 | D:3      | Found a runed door.
  2076 | D:3      | Noticed Crazy Yiuf
  2087 | D:3      | Killed Crazy Yiuf
  2087 | D:3      | Reached skill level 5 in Maces & Flails
  2177 | D:3      | Reached XP level 7. HP: 43/43 MP: 7/7
  2716 | D:4      | Found a glowing drain.
  2721 | Sewer    | Entered a sewer
  3567 | D:4      | Found Meurusm's Antique Armour Shoppe.
  3663 | D:4      | Reached skill level 5 in Shields
  3856 | D:5      | Entered Level 5 of the Dungeon
  3858 | D:5      | Noticed Menkaure
  3864 | D:5      | Noticed Duvessa
  3864 | D:5      | Noticed Dowan
  3877 | D:5      | Killed Menkaure
  3877 | D:5      | Reached skill level 6 in Maces & Flails
  3877 | D:5      | Reached skill level 5 in Armour
  3877 | D:5      | Reached XP level 8. HP: 39/48 MP: 8/8
  3879 | D:5      | Killed Duvessa
  3886 | D:5      | Killed Dowan
  4003 | D:5      | Noticed Sigmund
  4024 | D:5      | Killed from afar by an orc priest

Skill      XL: |  1  2  3  4  5  6  7 |
---------------+----------------------+-----
Shields        | 4 5 |  5.4
Maces & Flails | 3 4 5 6 |  6.5
Armour         | 4 5 |  5.1
Dodging        | 1 |  1.4
Fighting       | 4 |  4.9

Action                   |  1- 3 |  4- 6 |  7- 9 || total
-------------------------+-------+-------+-------++-------
Melee: Flail             |   136 |   188 |   256 ||   580
Invok: Curse Item        |       |     1 |       ||     1
  Use: Scroll            |       |     7 |     2 ||     9
       Potion            |       |       |     2 ||     2
  Eat: Chunk             |     1 |     4 |     6 ||    11
Armor: Scale mail        |    79 |    59 |       ||   138
       Chain mail        |       |    50 |   132 ||   182
Dodge: Dodged            |    53 |    42 |    79 ||   174
Block: Shield            |    69 |    74 |   123 ||   266
